2547 views
Uploaded 2024-03-27 01:22:39
Game version 1.36 (6115)
10:58 long 1on2 private game on (3)ForsakenTrinity
Saved by Alex11Chr
2547 views
Uploaded 2024-03-27 01:22:39
Game version 1.36 (6115)
10:58 long 1on2 private game on (3)ForsakenTrinity

62 units @ 8.5k
/ 0.2k
30 buildings @ 3.1k
/ 0.9k

| Scroll of Regeneration | 2 | 200 |
| Lesser Clarity Potion | 5 | 350 |
| total: | 7 | 550g |
| Peasant | 7 | 525 | / | 0 |
| Footman | 26 | 3510 | / | 0 |
| total: | 33 | 4035g | / | 0w |
| Scout Tower | 9 | 270 | / | 180 |
| Arcane Tower | 7 | 490 | / | 350 |
| Altar of Kings | 1 | 180 | / | 50 |
| Barracks | 2 | 320 | / | 120 |
| Farm | 8 | 640 | / | 160 |
| Arcane Vault | 1 | 130 | / | 30 |
| total: | 21 | 1540g | / | 540w |
| 0:04 | Altar of Kings |
| 0:08 | Peasant |
| 0:25 | Peasant |
| 0:38 | Peasant |
| 0:57 | Peasant |
| 1:02 | Barracks |
| 1:05 | Farm |
| 1:11 | Arcane Vault |
| 1:21 | Peasant |
| 1:34 | Farm |
| 1:51 | Peasant |
| 2:04 | Footman |
| 2:29 | Farm |
| 2:46 | Footman |
| 2:48 | Farm |
| 3:01 | Summon Water Elemental |
| 3:04 | Footman |
| 3:07 | Farm |
| 3:15 | Footman |
| 3:28 | Footman |
| 3:30 | Scout Tower |
| 3:32 | Footman |
| 3:37 | Scroll of Regeneration |
| 3:37 | Lesser Clarity Potion |
| 3:41 | Footman |
| 3:55 | Arcane Tower |
| 3:57 | Farm |
| 3:59 | Farm |
| 4:17 | Scout Tower |
| 4:21 | Scout Tower |
| 4:23 | Scout Tower |
| 4:23 | Footman |
| 4:30 | Footman |
| 4:34 | Farm |
| 4:38 | Lesser Clarity Potion |
| 4:40 | Brilliance Aura |
| 4:45 | Footman |
| 4:59 | Peasant |
| 5:04 | Arcane Tower |
| 5:23 | Arcane Tower |
| 5:30 | Footman |
| 5:36 | Scout Tower |
| 5:57 | Lesser Clarity Potion |
| 6:09 | Arcane Tower |
| 6:10 | Scout Tower |
| 6:23 | Footman |
| 6:23 | Footman |
| 6:45 | Lesser Clarity Potion |
| 6:48 | Arcane Tower |
| 6:50 | Footman |
| 7:06 | Scroll of Regeneration |
| 7:12 | Footman |
| 7:19 | Scout Tower |
| 7:32 | Summon Water Elemental |
| 7:47 | Arcane Tower |
| 7:52 | Barracks |
| 8:17 | Lesser Clarity Potion |
| 8:32 | Footman |
| 8:32 | Footman |
| 8:43 | Footman |
| 8:55 | Footman |
| 8:56 | Footman |
| 8:59 | Scout Tower |
| 9:29 | Arcane Tower |
| 9:31 | Scout Tower |
| 9:33 | Footman |
| 9:33 | Footman |
| 9:34 | Footman |
| 9:55 | Footman |
| 10:08 | Footman |
| 10:24 | Brilliance Aura |
| 10:32 | Footman |
| Select | 239 |
| Right click | 182 |
| Build/train/purchase | 74 |
| Misc. action | 41 |
| Select group | 34 |
| Assign group | 29 |
| Item give/drop | 1 |

| Lesser Clarity Potion | 3 | 210 |
| Scroll of Regeneration | 2 | 200 |
| total: | 5 | 410g |
| Peon | 5 | 375 | / | 0 |
| Grunt | 12 | 2400 | / | 0 |
| Troll Headhunter | 12 | 1680 | / | 240 |
| total: | 29 | 4455g | / | 240w |
| Altar of Storms | 1 | 180 | / | 50 |
| Orc Burrow | 4 | 640 | / | 160 |
| Barracks | 2 | 360 | / | 100 |
| Voodoo Lounge | 1 | 130 | / | 30 |
| War Mill | 1 | 205 | / | 0 |
| total: | 9 | 1515g | / | 340w |
| 0:04 | Peon |
| 0:12 | Altar of Storms |
| 0:15 | Orc Burrow |
| 0:17 | Peon |
| 0:41 | Barracks |
| 0:47 | Peon |
| 0:54 | Peon |
| 1:24 | Peon |
| 1:37 | Orc Burrow |
| 1:45 | Grunt |
| 1:58 | Voodoo Lounge |
| 2:16 | Grunt |
| 2:19 | Feral Spirit |
| 2:32 | Orc Burrow |
| 2:52 | Grunt |
| 3:11 | War Mill |
| 3:30 | Grunt |
| 4:40 | Troll Headhunter |
| 4:40 | Troll Headhunter |
| 4:41 | Troll Headhunter |
| 4:41 | Grunt |
| 4:49 | Orc Burrow |
| 4:52 | Chain Lighting |
| 5:09 | Grunt |
| 5:29 | Scroll of Regeneration |
| 5:38 | Lesser Clarity Potion |
| 5:38 | Scroll of Regeneration |
| 6:05 | Troll Headhunter |
| 6:05 | Troll Headhunter |
| 6:39 | Lesser Clarity Potion |
| 6:56 | Steel Armor |
| 6:56 | Steel Melee Weapons |
| 6:57 | Steel Ranged Weapons |
| 7:02 | Troll Headhunter |
| 7:33 | Feral Spirit |
| 7:44 | Grunt |
| 7:47 | Barracks |
| 7:59 | Lesser Clarity Potion |
| 8:32 | Grunt |
| 8:32 | Troll Headhunter |
| 8:34 | Troll Headhunter |
| 8:54 | Grunt |
| 9:12 | Pillage |
| 9:22 | Grunt |
| 9:55 | Troll Headhunter |
| 9:56 | Troll Headhunter |
| 9:59 | Troll Headhunter |
| 10:26 | Chain Lighting |
| 10:41 | Grunt |
| 10:42 | Grunt |
| 10:44 | Troll Headhunter |
| Right click | 930 |
| Select | 124 |
| Select group | 93 |
| Build/train/purchase | 74 |
| Assign group | 42 |
| Use ability | 3 |
| Remove unit | 1 |
⇛